[Event "Paracin Open 2022"]
[Site "Paracin"]
[Date "2022.07.13"]
[Round "6.3"]
[White "Agmanov, Zhandos"]
[Black "Pranav Vijay"]
[Result "1/2-1/2"]
[ECO "A27"]
[WhiteElo "2459"]
[BlackElo "2265"]
[Annotator "ChessBase"]
[PlyCount "77"]
[EventDate "2022.07.08"]
[EventCountry "SRB"]
[SourceTitle "playchess.com"]
[Source "ChessBase"]
[SourceQuality "1"]
[TimeControl "5400+30"]

1. c4 e5 2. Nc3 Nc6 3. Nf3 f5 4. g3 Nf6 5. d4 e4 6. Nh4 g6 7. Bg5 Bg7 8. e3 Ne7 9. Ng2 d6 10. Nf4 c6 11. h4 h6 12. Bxf6 Bxf6 13. Be2 Kf7 14. Qc2 a6 15. Qb3 Kg7 16. Qa3 Rb8 17. c5 dxc5 18. dxc5 b5 19. cxb6 Qxb6 20. O-O-O Re8 21. Rd2 Be5 22. Bc4 Qb4 23. Qxb4 Rxb4 24. Bb3 Kf6 25. Rhd1 Bc7 26. Kc2 Rh8 27. Rh1 a5 28. a3 Rb8 29. Bc4 Rd8 30. Rxd8 Bxd8 31. h5 g5 32. Nfe2 Bc7 33. Rd1 Be6 34. Bxe6 Kxe6 35. Nd4+ Ke5 36. Na4 Rd8 37. b3 Kf6 38. Nb2 Rd5 39. Nc4 1/2-1/2

[Event "Paracin Open 2022"]
[Site "Paracin"]
[Date "2022.07.13"]
[Round "6.4"]
[White "Gundavaa, Bayarsaikhan"]
[Black "Nogerbek, Kazybek"]
[Result "1/2-1/2"]
[ECO "A14"]
[WhiteElo "2503"]
[BlackElo "2437"]
[Annotator "ChessBase"]
[PlyCount "41"]
[EventDate "2022.07.08"]
[EventCountry "SRB"]
[SourceTitle "playchess.com"]
[Source "ChessBase"]
[SourceQuality "1"]
[TimeControl "5400+30"]

1. Nf3 d5 2. e3 Nf6 3. c4 e6 4. b3 b6 5. g3 Bb7 6. Bg2 Be7 7. O-O O-O 8. Bb2 Nbd7 9. Nc3 dxc4 10. bxc4 Ne4 11. Qc2 Nxc3 12. Bxc3 c5 13. a4 Qc7 14. a5 Bf6 15. Ra3 h6 16. Rfa1 Bc6 17. axb6 axb6 18. Ng5 Bxg5 19. Rxa8 Rxa8 20. Rxa8+ Bxa8 21. Bxa8 1/2-1/2

[Event "Paracin Open 2022"]
[Site "Paracin"]
[Date "2022.07.13"]
[Round "6.5"]
[White "Srihari L R"]
[Black "Arjun Kalyan"]
[Result "1/2-1/2"]
[ECO "E04"]
[WhiteElo "2431"]
[BlackElo "2499"]
[Annotator "ChessBase"]
[PlyCount "119"]
[EventDate "2022.07.08"]
[EventCountry "SRB"]
[SourceTitle "playchess.com"]
[Source "ChessBase"]
[SourceQuality "1"]
[TimeControl "5400+30"]

1. d4 Nf6 2. c4 e6 3. g3 d5 4. Bg2 Bb4+ 5. Nd2 O-O 6. Ngf3 dxc4 7. Qc2 c5 8. dxc5 Nc6 9. O-O e5 10. Rd1 Qe7 11. Nxc4 Bxc5 12. Be3 Be6 13. Bxc5 Qxc5 14. Ne3 Qb5 15. Rdc1 e4 16. Ne1 Nd4 17. Qc5 Nxe2+ 18. Kh1 Qxb2 19. Rcb1 Qd2 20. Rxb7 Nc3 21. Nf1 Qd5 22. Qxd5 Bxd5 23. Rb2 Be6 24. Rc2 Rac8 25. Ne3 a5 26. f3 Nxa2 27. fxe4 Rxc2 28. N1xc2 a4 29. e5 Nd7 30. Nd4 Nc3 31. Ra3 Rc8 32. Nc6 Kf8 33. Rxc3 Nxe5 34. Rc5 Nxc6 35. Rxc6 Rxc6 36. Bxc6 a3 37. Nc2 a2 38. Kg2 Ke7 39. Kf2 Kd6 40. Be4 Kc5 41. Ke3 Kc4 42. Kd2 f5 43. Bf3 Kb3 44. Kc1 Kc3 45. h4 g6 46. Be2 Bd5 47. Bb5 h6 48. Bd7 Be4 49. Na1 Bb1 50. Be6 g5 51. hxg5 hxg5 52. Bf7 Kd4 53. Kb2 Ke3 54. Nb3 Kf3 55. Nd4+ Kxg3 56. Bxa2 Be4 57. Kc3 g4 58. Be6 f4 59. Ne2+ Kf3 60. Bxg4+ 1/2-1/2

[Event "Paracin Open 2022"]
[Site "Paracin"]
[Date "2022.07.13"]
[Round "6.6"]
[White "Neelash Saha"]
[Black "Makhnev, Denis"]
[Result "0-1"]
[ECO "E11"]
[WhiteElo "2446"]
[BlackElo "2492"]
[Annotator "ChessBase"]
[PlyCount "108"]
[EventDate "2022.07.08"]
[EventCountry "SRB"]
[SourceTitle "playchess.com"]
[Source "ChessBase"]
[SourceQuality "1"]
[TimeControl "5400+30"]

1. d4 Nf6 2. c4 e6 3. g3 d5 4. Nf3 Bb4+ 5. Bd2 Be7 6. Bg2 O-O 7. O-O Nbd7 8. Qc2 Ne4 9. Nc3 Nxd2 10. Nxd2 c6 11. Rfd1 Rb8 12. e4 dxc4 13. Nxc4 b5 14. Ne3 Qb6 15. Rab1 Re8 16. b4 e5 17. d5 Nf6 18. Qb2 Ng4 19. Qe2 Nxe3 20. Qxe3 Qxe3 21. fxe3 Bd7 22. dxc6 Bxc6 23. Bh3 Red8 24. Nd5 Bf8 25. Kf2 Rd6 26. Bg2 Rbd8 27. a3 f5 28. Nc3 Kf7 29. Rxd6 Rxd6 30. Rd1 Rxd1 31. Nxd1 fxe4 32. Nc3 Ke6 33. Bf1 a6 34. Bh3+ Kd6 35. Bc8 a5 36. Ba6 axb4 37. axb4 Ke6 38. Nxb5 Bxb4 39. Na7 Bd7 40. Bb7 Kd6 41. Bxe4 Bc5 42. Bxh7 Bxa7 43. Kf3 Bc6+ 44. e4 Ba4 45. Kg4 Ke6 46. Kg5 Be8 47. h4 Be3+ 48. Kg4 g6 49. Kf3 Bc5 50. Bg8+ Bf7 51. Bxf7+ Kxf7 52. g4 Be7 53. Kg3 Ke6 54. g5 Bxg5 0-1

[Event "Paracin Open 2022"]
[Site "Paracin"]
[Date "2022.07.13"]
[Round "6.7"]
[White "Samant Aditya S"]
[Black "Koustav Chatterjee"]
[Result "1/2-1/2"]
[ECO "C70"]
[WhiteElo "2431"]
[BlackElo "2485"]
[Annotator "ChessBase"]
[PlyCount "112"]
[EventDate "2022.07.08"]
[EventCountry "SRB"]
[SourceTitle "playchess.com"]
[Source "ChessBase"]
[SourceQuality "1"]
[TimeControl "5400+30"]

1. e4 e5 2. Nf3 Nc6 3. Bb5 a6 4. Ba4 Bc5 5. c3 Nge7 6. d4 exd4 7. cxd4 Bb4+ 8. Nc3 d5 9. exd5 Qxd5 10. O-O Bxc3 11. bxc3 Bg4 12. Re1 O-O-O 13. Bb3 Bxf3 14. Qxf3 Qxf3 15. gxf3 Nd5 16. Bd2 b5 17. a4 b4 18. cxb4 Ndxb4 19. Bxb4 Nxb4 20. Bxf7 Rxd4 21. Re7 Kd8 22. Rae1 Nd3 23. R1e3 Rxa4 24. Be8 Ra1+ 25. Kg2 Nb4 26. Rd7+ Kc8 27. Rxg7 Kb7 28. Bf7 Rd1 29. Bg8 Rd6 30. Bxh7 Kb6 31. Be4 a5 32. Rc3 c6 33. Rg5 Ra8 34. Rc4 Nd5 35. Bc2 Kb5 36. Ra4 c5 37. Ra1 a4 38. Bd3+ Kb4 39. Rg4+ Kb3 40. Bc4+ Kb2 41. Ra2+ Kc3 42. Ra3+ Kb2 43. Ra2+ Kc3 44. Ra3+ Kb2 45. Ra2+ Kc1 46. Bxd5 Rxd5 47. Raxa4 Rxa4 48. Rxa4 Rd4 49. Ra7 c4 50. Rc7 Kd2 51. Kg3 c3 52. h4 c2 53. h5 c1=Q 54. Rxc1 Kxc1 55. f4 Kd2 56. Kg4 Kd3 1/2-1/2

[Event "Paracin Open 2022"]
[Site "Paracin"]
[Date "2022.07.13"]
[Round "6.8"]
[White "Nitish Belurkar"]
[Black "Harshavardhan G B"]
[Result "1/2-1/2"]
[ECO "C89"]
[WhiteElo "2460"]
[BlackElo "2397"]
[Annotator "ChessBase"]
[PlyCount "63"]
[EventDate "2022.07.08"]
[EventCountry "SRB"]
[SourceTitle "playchess.com"]
[Source "ChessBase"]
[SourceQuality "1"]
[TimeControl "5400+30"]

1. e4 e5 2. Nf3 Nc6 3. Bb5 a6 4. Ba4 Nf6 5. O-O Be7 6. Re1 b5 7. Bb3 O-O 8. c3 d5 9. exd5 Nxd5 10. Nxe5 Nxe5 11. Rxe5 c6 12. d3 Bd6 13. Re1 Bf5 14. Nd2 Nf4 15. Ne4 Nxd3 16. Bg5 Qd7 17. Re3 Bxe4 18. Rxe4 Rae8 19. Rxe8 Rxe8 20. Qd2 c5 21. g3 c4 22. Bc2 Bc5 23. Bxd3 cxd3 24. Re1 Rxe1+ 25. Qxe1 h6 26. Bd2 Qc6 27. Qe5 Ba7 28. Qf5 Qd6 29. Qc8+ Kh7 30. Qf5+ Kg8 31. Qc8+ Kh7 32. Qf5+ 1/2-1/2

[Event "Paracin Open 2022"]
[Site "Paracin"]
[Date "2022.07.13"]
[Round "6.9"]
[White "Santiago, Yago De Moura"]
[Black "Erdogmus, Yagiz Kaan"]
[Result "1/2-1/2"]
[ECO "E16"]
[WhiteElo "2513"]
[BlackElo "2373"]
[Annotator "ChessBase"]
[PlyCount "183"]
[EventDate "2022.07.08"]
[EventCountry "SRB"]
[SourceTitle "playchess.com"]
[Source "ChessBase"]
[SourceQuality "1"]
[TimeControl "5400+30"]

1. d4 d5 2. c4 c6 3. Nf3 Nf6 4. Nc3 e6 5. g3 Be7 6. Bg2 O-O 7. O-O b6 8. Ne5 Bb7 9. Bf4 Nbd7 10. Rc1 Nxe5 11. dxe5 Ne8 12. h4 dxc4 13. Qc2 Nc7 14. Rfd1 Qc8 15. Ne4 h6 16. Nd6 Bxd6 17. exd6 Nd5 18. Bd2 c5 19. Qxc4 Nf6 20. Bc3 Nd7 21. Qg4 e5 22. Bxe5 f6 23. Qc4+ Kh8 24. Bf4 Bxg2 25. Kxg2 Re8 26. Rc2 Qc6+ 27. Qd5 Qxd5+ 28. Rxd5 g5 29. hxg5 hxg5 30. Be3 Re4 31. Bc1 Rae8 32. Kf1 a5 33. b3 a4 34. Bb2 axb3 35. axb3 Kh7 36. Bc3 Kg6 37. f3 R4e6 38. g4 Ra8 39. b4 Ra3 40. Kf2 Kf7 41. bxc5 bxc5 42. Bd2 Ra6 43. Be3 Raxd6 44. Rf5 Kg6 45. Bxc5 Rc6 46. Rd5 Nxc5 47. Rdxc5 Rxc5 48. Rxc5 Ra6 49. Rc7 Ra3 50. Re7 Ra2 51. Ke3 Ra3+ 52. Kf2 Ra2 53. Rc7 Ra3 54. Rd7 Ra2 55. Rb7 Ra3 56. Rb2 Ra6 57. Rc2 Ra3 58. Rd2 Ra6 59. e3 Ra3 60. Rd7 Ra2+ 61. Kg3 Ra3 62. Re7 Rb3 63. Kf2 Rb2+ 64. Kf1 Ra2 65. Rd7 Rb2 66. Ke1 Ra2 67. Rd2 Ra4 68. Ke2 Ra3 69. Rd7 Rb3 70. Rc7 Ra3 71. Kd2 Ra2+ 72. Kd3 Ra3+ 73. Kd4 Ra2 74. Rc4 Rg2 75. Rc3 Ra2 76. e4 Ra5 77. Rc6 Kg7 78. Rc7+ Kg6 79. Rc6 Kg7 80. Rc7+ Kg6 81. Rc5 Ra3 82. Rc3 Ra5 83. Ke3 Ra4 84. Rd3 Ra5 85. f4 gxf4+ 86. Kxf4 Ra1 87. Rd4 Rf1+ 88. Kg3 Rg1+ 89. Kf3 Rf1+ 90. Kg2 Ra1 91. Rd5 Re1 92. Kf3 1/2-1/2

[Event "Paracin Open 2022"]
[Site "Paracin"]
[Date "2022.07.13"]
[Round "6.10"]
[White "Kushagra Mohan"]
[Black "Petrov, Nikita"]
[Result "1/2-1/2"]
[ECO "B47"]
[WhiteElo "2359"]
[BlackElo "2558"]
[Annotator "ChessBase"]
[PlyCount "277"]
[EventDate "2022.07.08"]
[EventCountry "SRB"]
[SourceTitle "playchess.com"]
[Source "ChessBase"]
[SourceQuality "1"]
[TimeControl "5400+30"]

1. e4 c5 2. Nf3 Nc6 3. d4 cxd4 4. Nxd4 e6 5. Nc3 Qc7 6. f4 a6 7. Be2 Nxd4 8. Qxd4 b5 9. a3 Bb7 10. Be3 Rc8 11. O-O h5 12. h3 h4 13. Bf3 Nf6 14. Rad1 Bxa3 15. Nxb5 axb5 16. bxa3 O-O 17. Rd2 Qa5 18. e5 Nd5 19. Bxd5 Bxd5 20. Qb4 Qxb4 21. axb4 Rc3 22. Bd4 Rg3 23. f5 Rc8 24. Rf4 Rc4 25. fxe6 dxe6 26. Rxh4 Rxb4 27. Kh2 Ra3 28. Rf4 Rc4 29. Rdf2 Ra2 30. Be3 Raxc2 31. Rxf7 Rxf2 32. Rxf2 b4 33. Rf4 Rc3 34. Bd4 Rd3 35. Bc5 b3 36. Rf2 Be4 37. Ba3 Rd5 38. Rf4 Bc2 39. Bb2 Rd2 40. Kg3 Bd1 41. Rf2 Be2 42. Bc1 b2 43. Bxd2 Bd3 44. Kh2 b1=Q 45. Bf4 Be4 46. Bg3 Bd5 47. Rd2 Qe4 48. Rf2 Qe3 49. Rb2 Kf7 50. Rf2+ Ke8 51. Rb2 Kd7 52. Rf2 Qe4 53. Rd2 g5 54. Rf2 Kc6 55. Rd2 Kc5 56. Rf2 Kc4 57. Rd2 Qe3 58. Rb2 Be4 59. Rf2 Bd3 60. Rf3 Qe4 61. Rf2 Be2 62. Kg1 Bh5 63. Kh2 Bg6 64. Rd2 Qe3 65. Rb2 Be4 66. Ra2 Kb3 67. Rf2 Qd3 68. Rf8 Bd5 69. Rf2 Qh7 70. Rd2 g4 71. h4 Qe4 72. Rf2 Qe3 73. Rf1 Qd3 74. Rf2 Kc3 75. Rf4 Qe3 76. Rf2 Kd3 77. Rb2 Qd4 78. Rf2 Ke3 79. Kg1 Bc6 80. Kh2 Qe4 81. Rb2 Bd5 82. Rf2 Kd3 83. Rb2 Kc3 84. Rf2 Qe3 85. Rf1 Qd4 86. Rf4 Qd2 87. Rf2 Qd3 88. Rf4 Qd1 89. Rf2 Kd3 90. Rb2 Bc4 91. Rf2 Ke3 92. Rb2 Be2 93. Rb4 Qb1 94. Rf4 Bf3 95. gxf3 Qc2+ 96. Kg1 Qd1+ 97. Kg2 gxf3+ 98. Kh3 Qf1+ 99. Kg4 Qd1 100. Kh3 Qf1+ 101. Kg4 Qe2 102. Kh3 Qd3 103. Rf6 Qh7 104. Rf4 Qh5 105. Rf6 Ke2 106. Rf8 Kf1 107. Rf6 Kg1 108. Rf8 Kf1 109. Rf6 Ke2 110. Rf8 Qg6 111. Rf4 Qg7 112. Rf6 Qg8 113. Rf4 Qg6 114. Rf8 Qe4 115. Rf6 Qh7 116. Rf4 Qh6 117. Rf6 Qc1 118. Rf8 Qc2 119. Rf6 Qh7 120. Rf4 Qg7 121. Rf6 Ke3 122. Rf4 Qe7 123. Kg4 Qb7 124. Kh3 Qb8 125. Rf6 Qb4 126. Rf7 Qe4 127. Rf8 Qc4 128. Rf6 Qd3 129. Rf8 Qc4 130. Rf6 Qe4 131. Rf8 Ke2 132. Rf6 Kf1 133. Rf4 Qb7 134. Rf8 Kg1 135. Rf6 Qe4 136. Rf8 Kh1 137. Rf6 f2 138. Rxf2 Qg2+ 139. Rxg2 1/2-1/2

[Event "Paracin Open 2022"]
[Site "Paracin"]
[Date "2022.07.13"]
[Round "6.11"]
[White "Jain Kashish Manoj"]
[Black "Aditya Mittal"]
[Result "1/2-1/2"]
[ECO "B90"]
[WhiteElo "2147"]
[BlackElo "2480"]
[Annotator "ChessBase"]
[PlyCount "112"]
[EventDate "2022.07.08"]
[EventCountry "SRB"]
[SourceTitle "playchess.com"]
[Source "ChessBase"]
[SourceQuality "1"]
[TimeControl "5400+30"]

1. e4 c5 2. Nf3 d6 3. d4 cxd4 4. Nxd4 Nf6 5. Nc3 a6 6. a4 e5 7. Nf3 Be7 8. Bc4 Be6 9. Qe2 h6 10. O-O Nbd7 11. Nh4 Bxc4 12. Qxc4 Rc8 13. Qe2 g6 14. Rd1 Qc7 15. Nf3 Nc5 16. Ne1 Ne6 17. Be3 Qc4 18. Qxc4 Rxc4 19. f3 h5 20. a5 g5 21. Na4 g4 22. Nb6 Rc7 23. c3 Rg8 24. Kf2 Nd7 25. Nd5 Rc4 26. Nc2 Bh4+ 27. Kf1 gxf3 28. gxf3 f5 29. exf5 Ng7 30. Ke2 Nxf5 31. Rg1 Rxg1 32. Bxg1 Bd8 33. Bf2 Kf7 34. Nde3 Nxe3 35. Nxe3 Rc6 36. Ng2 Ke6 37. f4 Nc5 38. fxe5 dxe5 39. Ra3 Ne4 40. Rb3 Nd6 41. Rb4 Kf7 42. Bg3 Bxa5 43. Rh4 Nc4 44. b3 Nd6 45. Bxe5 Bxc3 46. Rxh5 Bxe5 47. Rxe5 Rc2+ 48. Kf1 Nb5 49. Rd5 Ke7 50. Rd3 Rc3 51. Rxc3 Nxc3 52. Ke1 Ne4 53. Kd1 Nc5 54. Kc2 a5 55. Nf4 b5 56. b4 axb4 1/2-1/2

[Event "Paracin Open 2022"]
[Site "Paracin"]
[Date "2022.07.13"]
[Round "6.12"]
[White "Suleymenov, Alisher"]
[Black "Sharan, Rao"]
[Result "1-0"]
[ECO "B12"]
[WhiteElo "2467"]
[BlackElo "2342"]
[Annotator "ChessBase"]
[PlyCount "109"]
[EventDate "2022.07.08"]
[EventCountry "SRB"]
[SourceTitle "playchess.com"]
[Source "ChessBase"]
[SourceQuality "1"]
[TimeControl "5400+30"]

1. e4 c6 2. d4 d5 3. e5 Bf5 4. Nf3 e6 5. Be2 h6 6. O-O Nd7 7. a4 g5 8. a5 a6 9. Ne1 c5 10. c4 dxc4 11. Nd2 cxd4 12. Nxc4 Bc5 13. Nd3 Bxd3 14. Bxd3 Ne7 15. b4 Bxb4 16. Rb1 Nd5 17. Rxb4 Nxb4 18. Ba3 Nxe5 19. Nxe5 Qxa5 20. Qb3 Qxe5 21. Qxb4 O-O-O 22. Bxa6 Qe4 23. Re1 Qxe1+ 24. Qxe1 bxa6 25. Bb2 Rd5 26. Qa1 Kb7 27. Kf1 Rhd8 28. Ke2 f5 29. Qa3 R8d7 30. Qd3 R7d6 31. Kd2 Rb6 32. Qa3 Rd7 33. Qf3+ Rd5 34. Ba3 Rc6 35. Qh5 d3 36. Qf7+ Kb6 37. Qe8 Kc7 38. Qa8 Rc2+ 39. Kd1 a5 40. Qa7+ Kc6 41. Qa6+ Kd7 42. Qb7+ Rc7 43. Qb2 d2 44. Qg7+ Kc8 45. Qg8+ Kb7 46. Qxe6 Rcd7 47. Bc5 Kb8 48. Qb6+ Kc8 49. Qc6+ Kb8 50. Bb6 Rd3 51. Bc7+ Rxc7 52. Qb5+ Kc8 53. Qxd3 Rd7 54. Qxf5 Kc7 55. Qxa5+ 1-0

[Event "Paracin Open 2022"]
[Site "Paracin"]
[Date "2022.07.13"]
[Round "6.13"]
[White "Zajic, Milan"]
[Black "Han, Yichen"]
[Result "0-1"]
[ECO "C84"]
[WhiteElo "2431"]
[BlackElo "2286"]
[Annotator "ChessBase"]
[PlyCount "96"]
[EventDate "2022.07.08"]
[EventCountry "SRB"]
[SourceTitle "playchess.com"]
[Source "ChessBase"]
[SourceQuality "1"]
[TimeControl "5400+30"]

1. e4 e5 2. Nf3 Nc6 3. Bb5 a6 4. Ba4 Nf6 5. O-O Be7 6. d3 b5 7. Bb3 d6 8. a3 Na5 9. Ba2 c5 10. Nc3 Be6 11. Bg5 O-O 12. b4 Nc6 13. Nd5 Rc8 14. Qd2 Bxd5 15. exd5 Nd4 16. Nxd4 cxd4 17. Bxf6 Bxf6 18. a4 Qb6 19. Bb3 Rc3 20. axb5 axb5 21. Qe2 Qb7 22. Ra2 Bd8 23. f4 Re8 24. Qe4 Rc8 25. g3 Bf6 26. f5 Ra8 27. Rxa8 Qxa8 28. h4 Qa3 29. Kg2 Qxb4 30. Kh3 h6 31. Ra1 Rc8 32. Qe2 Re8 33. Qe4 Be7 34. Qe2 Qc3 35. Ra7 Bf6 36. Qh5 Rf8 37. Qe2 Qb2 38. Qd1 Rc8 39. Qh5 Rf8 40. Qd1 e4 41. dxe4 Qc3 42. Ra6 Be5 43. Qd3 Qe1 44. Kg2 Rc8 45. Rc6 Ra8 46. Qf3 Ra1 47. Kh3 Qe3 48. Qg2 Rg1 0-1

[Event "Paracin Open 2022"]
[Site "Paracin"]
[Date "2022.07.13"]
[Round "6.14"]
[White "Gan-Erdene, Sugar"]
[Black "Tsaknakis, Zisis"]
[Result "1/2-1/2"]
[ECO "E04"]
[WhiteElo "2428"]
[BlackElo "2266"]
[Annotator "ChessBase"]
[PlyCount "129"]
[EventDate "2022.07.08"]
[EventCountry "SRB"]
[SourceTitle "playchess.com"]
[Source "ChessBase"]
[SourceQuality "1"]
[TimeControl "5400+30"]

1. d4 d5 2. c4 e6 3. Nf3 Nf6 4. g3 dxc4 5. Bg2 c5 6. O-O Nc6 7. dxc5 Qxd1 8. Rxd1 Bxc5 9. Nbd2 c3 10. bxc3 O-O 11. Nb3 Be7 12. Nfd4 Nxd4 13. cxd4 Nd5 14. Bb2 f5 15. e4 fxe4 16. Bxe4 b6 17. Bg2 Bd7 18. Re1 Bb4 19. Re2 Rac8 20. a3 Bc3 21. Bh3 Rf3 22. Bg4 Rd3 23. Rb1 Bxb2 24. Rbxb2 Rcc3 25. Nd2 Rxd4 26. Bxe6+ Bxe6 27. Rxe6 Kf7 28. Re5 Rxa3 29. Ne4 Nf6 30. Ng5+ Kg6 31. Ne6 Re4 32. Nf4+ Kf7 33. Reb5 Rc4 34. Re2 Ra5 35. Rxa5 bxa5 36. Re5 Ra4 37. Rb5 Nd7 38. Rb7 Ke7 39. Rxa7 Kd6 40. Ra6+ Kc5 41. Nd3+ Kb5 42. Ra7 Rd4 43. Nf4 a4 44. Kf1 Nc5 45. Ke2 g5 46. Ng2 Na6 47. Ne3 Rd6 48. Nc2 Kc4 49. Rb7 Kc3 50. Na3 Re6+ 51. Kd1 Nc5 52. Nb1+ Kd4 53. Rxh7 Ne4 54. Rd7+ Kc5 55. Rc7+ Kd4 56. f3 Nc5 57. Na3 Rh6 58. Nc2+ Kc4 59. Ne3+ Kb5 60. Rc8 Rxh2 61. Rb8+ Kc6 62. Rc8+ Kb5 63. Rb8+ Kc6 64. Rc8+ Kb5 65. Rb8+ 1/2-1/2

[Event "Paracin Open 2022"]
[Site "Paracin"]
[Date "2022.07.13"]
[Round "6.15"]
[White "Ohanyan, Emin"]
[Black "Savic, Miodrag R"]
[Result "1-0"]
[ECO "D37"]
[WhiteElo "2354"]
[BlackElo "2418"]
[Annotator "ChessBase"]
[PlyCount "59"]
[EventDate "2022.07.08"]
[EventCountry "SRB"]
[SourceTitle "playchess.com"]
[Source "ChessBase"]
[SourceQuality "1"]
[TimeControl "5400+30"]

1. c4 e6 2. Nc3 d5 3. d4 Nf6 4. Nf3 Be7 5. Bf4 O-O 6. e3 a6 7. Rc1 h6 8. cxd5 exd5 9. Bd3 Bd6 10. Ne5 Re8 11. O-O Nbd7 12. Nxd7 Qxd7 13. Qf3 Bxf4 14. Qxf4 Re7 15. h3 Qe8 16. b4 Bd7 17. Qf3 Be6 18. a4 Rd8 19. b5 axb5 20. axb5 Rd6 21. Ra1 Bd7 22. Ra7 Ne4 23. Bxe4 dxe4 24. Qh5 Bc8 25. Ra8 Kh7 26. Rfa1 Rg6 27. Rb8 Qd7 28. Raa8 Rg5 29. Qh4 Qxh3 30. Qxg5 1-0

[Event "Paracin Open 2022"]
[Site "Paracin"]
[Date "2022.07.13"]
[Round "6.16"]
[White "Milosevic, Milos"]
[Black "Amartuvshin, Ganzorig"]
[Result "0-1"]
[ECO "B48"]
[WhiteElo "2288"]
[BlackElo "2409"]
[Annotator "ChessBase"]
[PlyCount "78"]
[EventDate "2022.07.08"]
[EventCountry "SRB"]
[SourceTitle "playchess.com"]
[Source "ChessBase"]
[SourceQuality "1"]
[TimeControl "5400+30"]

1. e4 c5 2. Nf3 e6 3. d4 cxd4 4. Nxd4 Nc6 5. Nc3 Qc7 6. Be3 a6 7. Qd2 Nf6 8. f4 Bb4 9. Bd3 b5 10. a3 Be7 11. e5 Ng4 12. Nxc6 dxc6 13. Ne4 Nxe3 14. Qxe3 Bb7 15. O-O-O O-O-O 16. Be2 c5 17. Bf3 h6 18. Ng3 Bxf3 19. Qxf3 Qb7 20. Ne4 g6 21. g4 Rd5 22. Rxd5 exd5 23. Ng3 d4 24. Qxb7+ Kxb7 25. h4 Kc6 26. h5 g5 27. Nf5 Bd8 28. b4 cxb4 29. axb4 gxf4 30. Rd1 Kd5 31. Nxd4 Ke4 32. Nf5 Bg5 33. Nd6+ Ke3 34. Nxf7 f3 35. Rd3+ Ke2+ 36. Nxg5 hxg5 37. Rd2+ Kf1 38. e6 f2 39. e7 Re8 0-1

[Event "Paracin Open 2022"]
[Site "Paracin"]
[Date "2022.07.13"]
[Round "6.17"]
[White "Kairbekova, Amina"]
[Black "Sapenov, Daniyal"]
[Result "1/2-1/2"]
[ECO "B12"]
[WhiteElo "2133"]
[BlackElo "2362"]
[Annotator "ChessBase"]
[PlyCount "119"]
[EventDate "2022.07.08"]
[EventCountry "SRB"]
[SourceTitle "playchess.com"]
[Source "ChessBase"]
[SourceQuality "1"]
[TimeControl "5400+30"]

1. e4 c6 2. d4 d5 3. e5 Bf5 4. h4 h5 5. Bd3 Bxd3 6. Qxd3 Qa5+ 7. Nd2 e6 8. Ngf3 Nh6 9. O-O Nf5 10. Nb3 Qb5 11. Qd1 c5 12. a4 Qb6 13. dxc5 Bxc5 14. Nxc5 Qxc5 15. c3 Nc6 16. Bg5 Qb6 17. b3 Rc8 18. Rc1 Rc7 19. Re1 Rd7 20. Nd4 Nfxd4 21. cxd4 Rc7 22. Re3 Kd7 23. Rec3 Kc8 24. Rc5 Kb8 25. Bd2 Rhc8 26. a5 Qa6 27. Be1 b6 28. axb6 axb6 29. R5c3 g6 30. Ra1 Qb5 31. Ra4 Na7 32. Rxc7 Rxc7 33. Bb4 Nc8 34. Qa1 Qc6 35. Kh2 Ra7 36. Ra6 Kb7 37. Rxa7+ Nxa7 38. Qd1 Qd7 39. Qf3 Nc6 40. Bc3 Qe7 41. Qf4 b5 42. f3 Kb6 43. Be1 Ka6 44. Qc1 Kb7 45. Qf4 Ka6 46. g4 Qa7 47. gxh5 gxh5 48. Bf2 Na5 49. Qc1 Qd7 50. Be1 Nc6 51. Qc5 Ne7 52. Bb4 Nf5 53. Qf8 Kb7 54. Bc5 Nxh4 55. Kg3 Nf5+ 56. Kf4 h4 57. b4 Kc7 58. Qa8 Qc6 59. Qf8 Qd7 60. Qa8 1/2-1/2

[Event "Paracin Open 2022"]
[Site "Paracin"]
[Date "2022.07.13"]
[Round "6.18"]
[White "Song, Raymond"]
[Black "Radojicic, Aleksandar M"]
[Result "1-0"]
[ECO "A59"]
[WhiteElo "2499"]
[BlackElo "2188"]
[Annotator "ChessBase"]
[PlyCount "147"]
[EventDate "2022.07.08"]
[EventCountry "SRB"]
[SourceTitle "playchess.com"]
[Source "ChessBase"]
[SourceQuality "1"]
[TimeControl "5400+30"]

1. d4 Nf6 2. c4 c5 3. d5 b5 4. cxb5 a6 5. bxa6 g6 6. Nc3 Bxa6 7. e4 Bxf1 8. Kxf1 d6 9. g3 Bg7 10. Kg2 O-O 11. Nf3 Nbd7 12. a4 Qb6 13. Qc2 Rfb8 14. Nb5 Ne8 15. Ra3 Nc7 16. Nxc7 Qxc7 17. b3 Qb7 18. Bd2 e6 19. dxe6 fxe6 20. Re1 d5 21. a5 d4 22. Qc4 Ra6 23. h4 Qb5 24. Rc1 Qxc4 25. Rxc4 Rb5 26. Ne1 Ne5 27. Rca4 Bf8 28. f4 c4 29. Ra1 c3 30. fxe5 cxd2 31. Nf3 Bb4 32. Rd1 Raxa5 33. Nxd2 Rxa4 34. bxa4 Rxe5 35. Nc4 Rc5 36. Rxd4 Bc3 37. Rd8+ Kg7 38. Rd7+ Kg8 39. Nd6 Be1 40. Ne8 Rc2+ 41. Kh3 Rc3 42. Nf6+ Kf8 43. Nxh7+ Kg8 44. Kg4 Rxg3+ 45. Kf4 Rg2 46. Nf6+ Kf8 47. Ke5 Bxh4 48. Kxe6 Bxf6 49. Kxf6 Ke8 50. Re7+ Kd8 51. Rg7 Ra2 52. Ra7 Re2 53. e5 g5 54. a5 g4 55. Rg7 Rf2+ 56. Ke6 Ra2 57. Rg8+ Kc7 58. Rxg4 Rxa5 59. Rd4 Rc5 60. Kf6 Rc1 61. Ke7 Kc6 62. e6 Rf1 63. Ke8 Kc7 64. e7 Re1 65. Rd7+ Kc8 66. Rd2 Kc7 67. Rc2+ Kb7 68. Rc4 Rf1 69. Kd7 Rd1+ 70. Ke6 Re1+ 71. Kd6 Re2 72. Rc5 Rd2+ 73. Ke6 Kb6 74. Re5 1-0

[Event "Paracin Open 2022"]
[Site "Paracin"]
[Date "2022.07.13"]
[Round "6.19"]
[White "Ibadov, Dashgyn"]
[Black "Zanan, Evgeny"]
[Result "0-1"]
[ECO "D00"]
[WhiteElo "2262"]
[BlackElo "2521"]
[Annotator "ChessBase"]
[PlyCount "82"]
[EventDate "2022.07.08"]
[EventCountry "SRB"]
[SourceTitle "playchess.com"]
[Source "ChessBase"]
[SourceQuality "1"]
[TimeControl "5400+30"]

1. d4 Nf6 2. Nf3 g6 3. Bf4 Bg7 4. Nc3 d5 5. Nb5 Na6 6. e3 O-O 7. h3 Ne4 8. Nd2 Nxd2 9. Qxd2 c6 10. Nc3 Nc7 11. O-O-O b5 12. h4 Ne6 13. Be5 b4 14. Ne2 f6 15. Bg3 a5 16. Kb1 Nc7 17. h5 e5 18. Nc1 Bf5 19. Bd3 e4 20. Bxc7 Qxc7 21. Be2 a4 22. h6 Bh8 23. Qxb4 Rfb8 24. Qa3 Be6 25. g4 f5 26. gxf5 Bxf5 27. c4 c5 28. Qc3 cxd4 29. exd4 Rb7 30. Ka1 Rab8 31. Rd2 Bf6 32. Qe3 dxc4 33. Rc2 c3 34. Rxc3 Qb6 35. Bc4+ Kh8 36. Qd2 Qxb2+ 37. Qxb2 Rxb2 38. Ne2 Rxe2 39. Bxe2 Bxd4 40. Rhc1 e3 41. a3 Rb3 0-1

[Event "Paracin Open 2022"]
[Site "Paracin"]
[Date "2022.07.13"]
[Round "6.20"]
[White "Saurabh Anand"]
[Black "Menezes, Christoph"]
[Result "0-1"]
[ECO "D38"]
[WhiteElo "2215"]
[BlackElo "2417"]
[Annotator "ChessBase"]
[PlyCount "104"]
[EventDate "2022.07.08"]
[EventCountry "SRB"]
[SourceTitle "playchess.com"]
[Source "ChessBase"]
[SourceQuality "1"]
[TimeControl "5400+30"]

1. d4 Nf6 2. c4 e6 3. Nf3 d5 4. Nc3 Bb4 5. cxd5 exd5 6. Bg5 h6 7. Bh4 O-O 8. e3 Bf5 9. Qb3 Bxc3+ 10. Qxc3 Nbd7 11. Be2 c6 12. O-O Re8 13. Nd2 a5 14. a3 a4 15. Rfc1 Re6 16. b3 g5 17. Bg3 axb3 18. Qxb3 b5 19. Bd3 Bxd3 20. Qxd3 Nb6 21. Be5 Nfd7 22. f4 Qe8 23. Nf3 f6 24. f5 Re7 25. Rxc6 Nc4 26. Bxf6 Rxe3 27. Qf1 Rexa3 28. Rxa3 Rxa3 29. Re6 Qf8 30. Be5 Qxf5 31. Rxh6 Ndxe5 32. dxe5 g4 33. Rf6 Qd3 34. Qxd3 Rxd3 35. Rg6+ Kf7 36. Rxg4 b4 37. Rd4 Rxd4 38. Nxd4 Nd2 39. e6+ Kf6 40. e7 Kf7 41. Nb5 Kxe7 42. Kf2 b3 43. Ke3 b2 44. Nc3 b1=Q 45. Nxb1 Nxb1 46. g4 Ke6 47. h4 Nc3 48. h5 Ne4 49. h6 Ng5 50. Kf4 Kf6 51. Kg3 Ne6 52. g5+ Nxg5 0-1